 Dungeon Crawl Stone Soup version 0.20.0-15-g7f486f2 (webtiles) character file.

1659 vishdafish the Chopper (level 9, -2/69 HPs)
             Began as a Formicid Fighter on June 27, 2017.
             Was a Believer of Okawaru.
             Slain by an orc warrior
             ... wielding a +0 hand axe
              (9 damage)
             ... on level 7 of the Dungeon.
             The game lasted 00:14:07 (6704 turns).

vishdafish the Chopper (Formicid Fighter)           Turns: 6704, Time: 00:14:08

Health: -2/69      AC:  9    Str: 23    XL:     9   Next: 20%
Magic:  12/12      EV:  8    Int:  8    God:    Okawaru [**....]
Gold:   325        SH: 10    Dex: 11    Spells: 8/8 levels left

rFire    . . .     SeeInvis +   E - +3 hand axe
rCold    . . .     Gourm    .   c - +0 shield
rNeg     . . .     Faith    .   b - +0 scale mail
rPois    .         Spirit   .   (helmet unavailable)
rElec    .         Reflect  .   (no cloak)
rCorr    .         Harm     .   (no gloves)
MR       .....                  i - +1 pair of boots
Stlth    +.........             (no amulet)
Regen    0.3/turn               e - ring of stealth
MPRegen  0.2/turn               (no ring)

@: drained
A: permanent stasis, dig shafts and tunnels, four strong arms, antennae 3
a: Dig, Shaft Self, Heroism, Renounce Religion


You were on level 7 of the Dungeon.
You worshipped Okawaru.
Okawaru was pleased with you.
You were not hungry.

You visited 1 branch of the dungeon, and saw 7 of its levels.
You also visited: Sewer.

You collected 325 gold pieces.

Inventory:

Hand Weapons
 a - a +0 war axe
 x - a +4 flail
 E - a +3 hand axe (weapon)
Armour
 b - a +0 scale mail (worn)
 c - a +0 shield (worn)
 i - a +1 pair of boots (worn)
 y - a +0 troll leather armour {Purgy}
Jewellery
 e - a ring of stealth (left hand)
Wands
 d - a wand of scattershot (0/9)
 l - a wand of lightning (7/15)
Scrolls
 h - 2 scrolls of blinking {unknown}
 j - 6 scrolls of remove curse
 m - 2 scrolls of recharging {unknown}
 o - 2 scrolls of fog {unknown}
 q - a scroll of magic mapping {unknown}
 s - a scroll of noise {unknown}
 t - a scroll of enchant weapon {unknown}
 u - a scroll of amnesia {unknown}
 D - 4 scrolls of teleportation {unknown}
Potions
 k - 4 potions of mutation
 p - 2 potions of haste
 w - a potion of ambrosia
 z - a potion of resistance {unknown}
 A - a potion of agility {unknown}
Books
 f - a book of Frost

   Spells                             Type                      Level
   a - Freeze                         Ice                          1
   b - Throw Frost                    Conjuration/Ice              2
   c - Ozocubu's Armour               Charms/Ice                   3
   d - Throw Icicle                   Conjuration/Ice              4
   e - Summon Ice Beast               Ice/Summoning                4
Comestibles
 r - 5 fruits
 v - 2 royal jellies


   Skills:
 + Level 6.2(5.5) Fighting
 * Level 7.0(6.3) Axes
 + Level 6.0(5.3) Armour
 + Level 6.4(5.7) Shields
 + Level 4.1(3.5) Invocations


You had 8 spell levels left.
You didn't know any spells.

Dungeon Overview and Level Annotations

Branches:
Dungeon (7/15)             Temple (0/1) D:4

Altars:
Ashenzari
Cheibriados
Elyvilon
Gozag
Makhleb
Okawaru
Ru
Uskayaw
Xom
Zin
The Shining One

Shops:
D:4 *


Innate Abilities, Weirdness & Mutations

You cannot be hasted, slowed, berserked, paralysed or teleported.
You can dig through walls and to a lower floor.
Your four strong arms can wield two-handed weapons with a shield.
You have a pair of large antennae on your head. (SInv)


Message History

The orc warrior is severely wounded.
You block the orc warrior's attack.
You barely miss the orc warrior.
The orc warrior is severely wounded.
The crimson imp shouts, "Out, out, thou feeble toenail-biting jarkman!"
The orc warrior hits you with a hand axe.
You hit the orc warrior but do no damage.
The orc warrior is severely wounded.
You hit the crimson imp but do no damage.
The crimson imp hits you but does no damage.
You hit the orc warrior but do no damage.
The orc warrior is severely wounded.
You slash the crimson imp!
The orc warrior hits you with a hand axe!
* * * LOW HITPOINT WARNING * * *
The crimson imp blinks!
You hit the orc warrior but do no damage.
The orc warrior is severely wounded.
The orc warrior hits you with a hand axe!
You die...

....#### #######
#...#
##.....#####....#
#...............#
##.......[......#
#....5..........#
#...............#
##...§o.)........#
##..@)...........
############....
#... ... ..


You could see an orc warrior and a crimson imp.

Vanquished Creatures
  Sigmund (D:3)
  A hungry ghost (D:7)
  Purgy (Sewer)
  A sky beast (D:5)
  2 ogres
  The ghost of botchamania the Insei, an amateur OpTm (D:4)
  5 wights
  A crimson imp (D:5)
  A quasit (D:5)
  2 jellies
  3 hounds
  4 orc wizards
  Jessica (D:2)
  2 worker ants
  3 iguanas
  Terence (D:2)
  A killer bee zombie (D:6)
  A hound zombie (D:6)
  A howler monkey zombie (D:5)
  7 adders
  3 shadow imps
  An ooze (D:3)
  A worm (D:2)
  A dart slug (D:1)
  21 orcs
  4 bats
  4 giant cockroaches
  4 goblins
  8 hobgoblins
  10 jackals
  7 kobolds
  A quokka (D:2)
  A ball python skeleton (D:4)
  5 frilled lizards
  A jackal zombie (D:6)
  5 rats
117 creatures vanquished.

Notes
Turn   | Place    | Note
-------+----------+-------------------------------------------
     0 | D:1      | vishdafish the Formicid Fighter began the quest for the Orb.
     0 | D:1      | Reached XP level 1. HP: 18/18 MP: 1/1
    79 | D:1      | Reached XP level 2. HP: 15/24 MP: 2/2
   580 | D:1      | Reached XP level 3. HP: 29/29 MP: 3/3
  1040 | D:2      | Noticed Terence
  1056 | D:2      | Killed Terence
  1056 | D:2      | Reached XP level 4. HP: 32/35 MP: 4/4
  1095 | D:2      | Reached skill level 3 in Axes
  1287 | D:2      | Found a faded altar of an unknown god.
  1431 | D:2      | Found an iron altar of Okawaru.
  1447 | D:2      | Became a worshipper of Warmaster Okawaru
  1859 | D:2      | Noticed Jessica
  1864 | D:2      | Killed Jessica
  1864 | D:2      | Reached XP level 5. HP: 42/42 MP: 5/5
  2125 | D:3      | Found a glowing silver altar of Zin.
  2125 | D:3      | Found a shimmering altar of Xom.
  2126 | D:3      | Noticed an angel
  2264 | D:3      | Noticed Sigmund
  2278 | D:3      | Killed Sigmund
  2278 | D:3      | Reached * piety under Okawaru
  2278 | D:3      | Reached skill level 4 in Axes
  2278 | D:3      | Reached XP level 6. HP: 39/49 MP: 6/6
  2652 | D:4      | Found a sacrificial altar of Ru.
  2683 | D:4      | Noticed botchamania's ghost (amateur OpTm)
  2701 | D:4      | Killed botchamania's ghost
  2701 | D:4      | Reached skill level 5 in Shields
  2701 | D:4      | Reached XP level 7. HP: 12/55 MP: 7/7
  2982 | D:4      | Reached skill level 1 in Invocations
  3009 | D:4      | Found a glowing golden altar of the Shining One.
  3119 | D:4      | Reached skill level 5 in Axes
  3155 | D:4      | Found Caqipnos's Assorted Antiques.
  3281 | D:4      | Found a staircase to the Ecumenical Temple.
  3432 | D:5      | Entered Level 5 of the Dungeon
  3456 | D:5      | Reached skill level 5 in Fighting
  3470 | D:5      | Found an opulent altar of Gozag.
  3473 | D:5      | Reached ** piety under Okawaru
  3553 | D:5      | Reached skill level 5 in Armour
  3553 | D:5      | Reached XP level 8. HP: 24/62 MP: 9/9
  3843 | D:5      | Found a glowing drain.
  3854 | Sewer    | Entered a sewer
  3999 | Sewer    | Noticed Purgy
  4009 | Sewer    | Killed Purgy
  4145 | D:5      | Found a hide-covered altar of Uskayaw.
  4613 | D:5      | Reached skill level 6 in Axes
  4822 | D:6      | Found a glowing silver altar of Zin.
  4825 | D:6      | You fall through a shaft!
  5362 | D:6      | Found a shattered altar of Ashenzari.
  5364 | D:6      | Found a burning altar of Makhleb.
  5369 | D:6      | Found a white marble altar of Elyvilon.
  5380 | D:6      | Found a snail-covered altar of Cheibriados.
  5986 | D:6      | HP: 1/64 [orc warrior/hand axe (13)]
  6069 | D:6      | You fall through a shaft!
  6318 | D:6      | Reached XP level 9. HP: 41/69 MP: 11/11
  6393 | D:7      | HP: 3/69 [iguana (7)]
  6401 | D:7      | Reached *** piety under Okawaru
  6401 | D:7      | Reached skill level 7 in Axes
  6704 | D:7      | Slain by an orc warrior

Skill      XL: |  1  2  3  4  5  6  7  8  9 |
---------------+----------------------------+-----
Shields        | 4 5 6 |  6.4
Axes           | 3 4 5 6 7 |  7.0
Fighting       | 4 5 6 |  6.2
Armour         | 4 5 6 |  6.0
Invocations    | 2 3 4 |  4.1

Action                   |  1- 3 |  4- 6 |  7- 9 || total
-------------------------+-------+-------+-------++-------
Melee: War axe           |    78 |   168 |   193 ||   439
       Hand axe          |       |       |    71 ||    71
 Abil: Shaft Self        |       |       |     1 ||     1
Evoke: Wand              |       |       |     2 ||     2
  Use: Scroll            |       |       |     8 ||     8
       Potion            |       |       |     9 ||     9
  Eat: Chunk             |       |     3 |     2 ||     5
       Royal jelly       |       |     1 |       ||     1
       Bread ration      |       |       |     4 ||     4
       Meat ration       |       |       |     1 ||     1
Armor: Scale mail        |    36 |    78 |   102 ||   216
Dodge: Dodged            |    27 |    58 |    73 ||   158
Block: Shield            |    54 |   101 |   158 ||   313
